 Dungeon Crawl Stone Soup version 0.20-a0-871-g785f14b (webtiles) character file.

128 krabocopter the Skirmisher (level 4, -35/42 HPs)
             Began as a Demigod Wanderer on Mar 14, 2017.
             Engulfed by a cloud of flame (38 damage)
             ... on level 3 of the Dungeon.
             The game lasted 00:12:52 (2571 turns).

krabocopter the Skirmisher (Demigod Wanderer)       Turns: 2571, Time: 00:12:54

Health: -35/42     AC:  8    Str: 14    XL:     4   Next: 57%
Magic:  7/7        EV:  6    Int: 19    God:
Gold:   182        SH: 11    Dex: 15    Spells: 3/3 levels left

rFire    . . .     SeeInvis +   h - +0 spear
rCold    . . .     Gourm    .   d - +0 ring mail
rNeg     . . .     Faith    .   t - +0 large shield (curse)
rPois    .         Spirit   .   (no helmet)
rElec    .         Reflect  .   (no cloak)
rCorr    +         Harm     .   r - +1 pair of gloves
MR       .....                  q - +0 pair of boots
Stlth    +.........             (no amulet)
Regen    0.2/turn               m - ring of see invisible
MPRegen  0.1/turn               s - ring of resist corrosion

@: no status effects
A: high mp 1
a: no special abilities


You were on level 3 of the Dungeon.
You were hungry.

You visited 1 branch of the dungeon, and saw 3 of its levels.

You collected 182 gold pieces.

Inventory:

Hand Weapons
 h - a +0 spear (weapon)
Armour
 d - a +0 ring mail (worn)
 g - a +0 buckler
 q - a +0 pair of boots (worn)
 r - a +1 pair of gloves (worn)
 t - a cursed +0 large shield (worn)
Jewellery
 i - an uncursed ring of wizardry
 m - a ring of see invisible (right hand)
 s - a ring of resist corrosion (left hand)
Scrolls
 a - a scroll of blinking
 c - 3 scrolls of teleportation
 e - 2 scrolls of recharging
 j - a scroll of fear
 p - a scroll of identify
Potions
 b - a potion of berserk rage
 k - 3 potions of curing
 l - a potion of brilliance {unknown}
 o - 2 potions of lignification {unknown}
 w - a potion of cancellation {unknown}
Comestibles
 f - a bread ration
 u - a meat ration
 v - a royal jelly


   Skills:
 * Level 5.0 Fighting
   Level 1.0 Crossbows
 - Level 1.0 Throwing
 - Level 1.7 Armour
 - Level 1.8 Dodging
 + Level 0.6 Shields
 - Level 1.0 Unarmed Combat
   Level 1.0 Evocations


You had 3 spell levels left.
You didn't know any spells.

Dungeon Overview and Level Annotations

Branches:
Dungeon (3/15)


Innate Abilities, Weirdness & Mutations

You have an increased reservoir of magic. (+10% MP)


Message History

As you read the scroll labeled FOPSUT YXYEW, it crumbles to dust.
The creatures around you are filled with an inner flame!
It was a scroll of immolation.
Unknown command.
Found 8 gold pieces and a whip.
Attack whom?
Aim: a frilled lizard (inner flame)
You reach to attack!
You closely miss the frilled lizard. You barely miss the frilled lizard.
The frilled lizard bites you but does no damage.
You block the frilled lizard's attack.
You closely miss the frilled lizard. You block the frilled lizard's attack.
You hit the frilled lizard.
The frilled lizard explodes!
The fiery explosion engulfs you!
Ouch! That really hurt!
* * * LOW HITPOINT WARNING * * *
You are engulfed in blazing flames.
Ouch! That really hurt!
You die...

#......##.....#
#.............. #
#.............. ..
#......#....... #..
##..#####......# #.$##
##..#######.....#
....##..####÷)........
.##.#§§#.####.)##.......
.....§.@......###.......
.#...§.§.....## ##.....<
#...........######.....
.................)).....
......!..........)##....
.#...........#######.###
......##.###.# #.#
...).. #.. ..# ####.# #
#..# #....##


There were no monsters in sight!

Vanquished Creatures
  2 adders (D:2)
  5 gnolls
  3 dart slugs (D:1)
  3 leopard geckos
  An orc (D:3)
  4 bats
  A giant cockroach (D:1)
  8 goblins
  10 hobgoblins
  6 kobolds
  3 frilled lizards
  5 rats
51 creatures vanquished.

Notes
Turn   | Place    | Note
-------+----------+-------------------------------------------
     0 | D:1      | krabocopter the Demigod Wanderer began the quest for the Orb.
     0 | D:1      | krabocopter set off with: a scroll of blinking, a potion of berserk rage, a scroll of teleportation, a +0 ring mail, a +0 dagger, a bread ration
     0 | D:1      | Reached XP level 1. HP: 19/19 MP: 3/3
   287 | D:1      | Reached XP level 2. HP: 23/27 MP: 5/5
   405 | D:1      | Reached skill level 4 in Fighting
   619 | D:1      | Reached XP level 3. HP: 5/33 MP: 6/6
  1587 | D:2      | Found a radiant altar of Vehumet.
  2115 | D:3      | Reached XP level 4. HP: 41/41 MP: 7/7
  2258 | D:3      | Reached skill level 5 in Fighting
  2571 | D:3      | Engulfed by a cloud of flame

Vault maps used:
D:1:      lemuel_arrival_river_bridge, serial_bayou_pond_b, minmay_heptomino_h4
D:2:      vehumet_crystals
D:3:      gup_sewer_entry_bowl, chequers_ecumenical_altar_simple

Skill      XL: |  1  2  3  4 |
---------------+-------------+-----
Fighting       | 4 5 |  5.0
Crossbows      | |  1.0
Throwing       | |  1.0
Armour         | |  1.7
Dodging        | |  1.8
Shields        | |  0.6
Unarmed Combat | |  1.0
Evocations     | |  1.0

Action                   |  1- 3 |  4- 6 || total
-------------------------+-------+-------++-------
Melee: Dagger            |    34 |       ||    34
       Spear             |   146 |    64 ||   210
       Punch             |     2 |       ||     2
  Use: Scroll            |       |     4 ||     4
       Potion            |       |     1 ||     1
  Eat: Chunk             |     4 |     1 ||     5
Armor: Ring mail         |    61 |    15 ||    76
Dodge: Dodged            |    91 |     3 ||    94
Block: Large shield      |       |    41 ||    41
